 Dungeon Crawl Stone Soup version 0.27.1-3-gb3d3a73c9e (webtiles) character file.

Game seed: 5944077399160945062

111 MisterFreud the Skirmisher (level 4, -2/44 HPs)
             Began as a Minotaur Abyssal Knight on Oct 17, 2021.
             Was a Believer of Lugonu.
             Slain by an iguana (3 damage)
             ... on level 4 of the Dungeon.
             The game lasted 00:02:42 (2950 turns).

MisterFreud the Skirmisher (MiAK)                   Turns: 2950, Time: 00:02:42

Health: -2/44      AC:  3    Str: 17    XL:     4   Next: 62%
Magic:  4/4        EV: 11    Int:  9    God:    Lugonu [**....]
Gold:   60         SH:  4    Dex: 10    Spells: 3/3 levels left

rFire    . . .     SeeInvis +   a - +1 falchion
rCold    . . .     Faith    .   d - +0 buckler
rNeg     . . .     Spirit   .   b - +0 leather armour
rPois    .         Reflect  .   (helmet restricted)
rElec    .         Harm     .   (no cloak)
rCorr    .         Rampage  .   (no gloves)
Will     .....                  (no boots)
Stlth    +.........             (no amulet)
HPRegen  0.14/turn              i - ring of see invisible
MPRegen  0.09/turn              (no ring)

@: no status effects
A: horns 2, retaliatory headbutt
a: Renounce Religion, Depart the Abyss, Bend Space


You were on level 4 of the Dungeon.
You worshipped Lugonu.
Lugonu was pleased with you.
You visited 1 branch of the dungeon, and saw 4 of its levels.
You visited the Abyss 1 time.

You collected 60 gold pieces.

Inventory:

Hand Weapons
 a - a +1 falchion (weapon)
 k - a +2 spear of freezing
Missiles
 j - 8 javelins
Armour
 b - a +0 leather armour (worn)
 d - a +0 buckler (worn)
Jewellery
 i - a ring of see invisible (left hand)
Wands
 t - a wand of polymorph (5)
Scrolls
 e - 3 scrolls of teleportation {unknown}
 f - a scroll of fear {unknown}
 g - a scroll of enchant weapon {unknown}
 h - a scroll of silence {unknown}
 l - a scroll of enchant armour {unknown}
 n - a scroll of identify {unknown}
 o - a scroll of blinking {unknown}
 p - a scroll of noise {unknown}
 q - a scroll of torment {unknown}
 r - a scroll of brand weapon {unknown}
Potions
 c - 3 potions of magic
 m - a potion of curing {unknown}
 s - a potion of haste {unknown}
 u - a potion of ambrosia


   Skills:
 * Level 5.6 Fighting
 - Level 2.6 Long Blades
 - Level 2.7 Armour
 - Level 1.1 Dodging
 + Level 2.5 Shields
 - Level 1.7 Invocations


You had 3 spell levels left.
You didn't know any spells.
Your spell library was empty.

Dungeon Overview and Level Annotations

Branches:
Dungeon (3/15)

Altars:
Vehumet


Innate Abilities, Weirdness & Mutations

You have a pair of horns on your head.
You reflexively headbutt those who attack you in melee.


Message History

You hit the ufetubus.
The ufetubus is almost dead.
The ufetubus hits you. x2
* * * LOW HITPOINT WARNING * * *
You closely miss the ufetubus. You headbutt the ufetubus.
You kill the ufetubus!
Lugonu accepts your kill.
Found a stone staircase leading down.
There is a stone staircase leading down here.
An iguana comes into view.
The iguana hisses angrily.
You hear the slow hiss of a very distant avalanche of sand.
The iguana bites you.
* * * LOW HITPOINT WARNING * * *
It was a potion of magic.
Magic courses through your body. The iguana closely misses you.
It was a potion of ambrosia.
You are confused.
You feel invigorated. The iguana barely misses you.
You're too confused to move!
The iguana bites you.
You bump into the rock wall.
The iguana closely misses you.
You barely miss the iguana.
You feel less invigorated.
You feel less confused. The iguana bites you.
You hit the iguana. You headbutt the iguana!
The iguana is severely wounded.
The iguana closely misses you.
You hit the iguana but do no damage.
The iguana is severely wounded.
The iguana bites you.
You hit the iguana.
The iguana is severely wounded.
The iguana bites you!
* * * LOW HITPOINT WARNING * * *
The iguana bites you!
* * * LOW HITPOINT WARNING * * *
You barely miss the iguana.
The iguana is severely wounded.
The iguana bites you.
You die...

###### #.##.#
#.@>.#
#####l##.#
#.....##.#######
#.######.......#
#######.# #(#
########.##
#.........#
#.........#


You could see an iguana.

Vanquished Creatures
  A gnoll (D:1)
  4 adders
  An ufetubus (D:4)
  A worm (D:2)
  A dart slug (D:2)
  3 orcs (D:3)
  5 bats
  3 endoplasms
  3 giant cockroaches
  4 hobgoblins
  6 kobolds
  5 quokkas
  4 ball pythons
  4 frilled lizards
  3 goblins (D:1)
  3 rats
51 creatures vanquished.

Vanquished Creatures (others)
  8 toadstools (D:3)
8 creatures vanquished.

Grand Total: 59 creatures vanquished

Notes
Turn   | Place    | Note
-------+----------+-------------------------------------------
     0 | Abyss:1  | MisterFreud the Minotaur Abyssal Knight began the quest for
                  | the Orb.
     0 | Abyss:1  | Reached XP level 1. HP: 19/19 MP: 1/1
    23 | Abyss:1  | Noticed a shadow
    24 | D:1      | Escaped the Abyss
    65 | D:1      | Reached * piety under Lugonu
   370 | D:1      | Reached skill level 4 in Fighting
   370 | D:1      | Reached XP level 2. HP: 27/27 MP: 2/2
   374 | D:1      | Found a faded altar of an unknown god.
   452 | D:1      | Reached skill level 1 in Shields
   500 | D:1      | Reached XP level 3. HP: 11/34 MP: 3/3
  1657 | D:2      | Reached skill level 5 in Fighting
  1903 | D:2      | Found a radiant altar of Vehumet.
  1923 | D:2      | Reached XP level 4. HP: 38/42 MP: 4/4
  2603 | D:3      | Reached ** piety under Lugonu
  2891 | D:3      | You fall into a shaft and drop 1 floor!
  2949 | D:4      | HP: 1/44 [iguana (8)]
  2950 | D:4      | Slain by an iguana

Illustrated notes

Levels and vault maps discovered:
D:1:      amcnicky_arrival_flooded_fountain, layout_basic,
          ebering_ecumenical_altar_petrified
D:2:      layout_basic, basic_altar
D:3:      cheibrodos_fertilizer, layout_basic, lemuel_crystal_altar,
          kennysheep_donut, minmay_crystal_water, minivault_25, uniq_natasha
D:4:      layout_basic, temple_green, enter_ossuary_3,
          hangedman_abyss_or_decor_stabs

Skill      XL: |  1  2  3 |
---------------+----------+-----
Fighting       | 4 5 |  5.6
Shields        | 1 2 |  2.5
Long Blades    | |  2.6
Armour         | |  2.7
Dodging        | |  1.1
Invocations    | |  1.7

Action                   |  1- 3 |  4- 6 || total
-------------------------+-------+-------++-------
Melee: Falchion          |    71 |    52 ||   123
       Headbutt          |    18 |     7 ||    25
Invok: Depart the Abyss  |     1 |       ||     1
  Use: Potion            |       |     2 ||     2
 Stab: Sleeping          |       |     1 ||     1
Armor: Leather armour    |    13 |    11 ||    24
Dodge: Dodged            |    52 |    35 ||    87
Block: Buckler           |     6 |     8 ||    14
       Rpst.: Falchion   |    13 |     5 ||    18
